 Dungeon Crawl Stone Soup version 0.29-a0-817-g9904bce7a6 (webtiles) character file.

Game seed: 7154734244341171437

10003 indigestion the Trooper (level 11, 0/94 HPs)
             Began as a Demigod Fighter on July 5, 2022.
             Slain by a cane toad (18 damage)
             ... on level 8 of the Dungeon.
             The game lasted 00:33:12 (12762 turns).

indigestion the Trooper (Demigod Fighter)          Turns: 12762, Time: 00:33:13

Health: 0/94       AC: 18    Str: 25    XL:     11   Next: 9%
Magic:  14/14      EV:  7    Int: 10    God:
Gold:   943        SH: 15    Dex: 17    Spells: 10/10 levels left

rFire   . . .      SeeInvis +   C - +6 shillelagh "Devastator" {shatter}
rCold   . . .      Faith    .   u - +0 tower shield
rNeg    + . .      Spirit   .   j - +0 plate armour
rPois   .          Reflect  .   o - +1 helmet
rElec   .          Harm     .   e - scarf {repulsion}
rCorr   .          Rampage  .   J - +0 pair of gloves
Will    +....                   p - +0 pair of boots
Stlth   ..........              x - amulet of magic regeneration
HPRegen 0.25/turn               i - ring of see invisible
MPRegen 0.54/turn               s - ring of positive energy

@: repel missiles
A: high MP 1, forlorn, divine attributes
a: no special abilities


You were on level 8 of the Dungeon.
You visited 2 branches of the dungeon, and saw 11 of its levels.

You collected 943 gold pieces.

Inventory:

Hand Weapons
 f - a +2 dagger of chaos
 h - a +2 falchion of holy wrath
 A - a +1 scythe of flaming
 C - the +6 shillelagh "Devastator" (weapon) {shatter}
   (You found it on level 6 of the Dungeon)

   It releases a powerful concussive burst when it strikes, dealing extra damage
   to the target and all other foes adjacent to them.
 O - a +2 long sword of draining
Armour
 c - a +0 buckler
 e - a scarf of repulsion (worn)
 j - a +0 plate armour (worn)
 m - a +0 cloak
 o - a +1 helmet (worn)
 p - a +0 pair of boots (worn)
 u - a +0 tower shield (worn)
 J - a +0 pair of gloves (worn)
Magical Staves
 v - a staff of fire
Jewellery
 i - a ring of see invisible (left hand)
 s - a ring of positive energy (right hand)
 t - an amulet of guardian spirit
 x - an amulet of magic regeneration (around neck)
 D - an amulet of reflection
Wands
 k - a wand of flame (34)
 l - a wand of paralysis (1)
 r - a wand of digging (10)
 G - a wand of roots (15)
 I - a wand of mindburst (49)
 M - a wand of acid (12)
Scrolls
 a - 2 scrolls of silence {unknown}
 b - a scroll of summoning {unknown}
 g - a scroll of amnesia {unknown}
 n - 3 scrolls of identify
 q - a scroll of magic mapping {unknown}
 w - 2 scrolls of immolation {unknown}
 y - 2 scrolls of noise {unknown}
 N - a scroll of poison {unknown}
Potions
 d - a potion of cancellation {unknown}
 z - 3 potions of ambrosia {unknown}
 B - a potion of mutation {unknown}
 E - a potion of haste
 F - 2 potions of degeneration {unknown}
 H - 2 potions of might
 L - 2 potions of brilliance {unknown}


   Skills:
 + Level 7.9 Fighting
 - Level 6.0(7.3) Axes
 * Level 6.5(7.6) Maces & Flails
 + Level 7.1 Armour
 - Level 7.0 Dodging
 + Level 7.2 Shields


You had 10 spell levels left.
You didn't know any spells.
Your spell library contained the following spells:

 Spells                   Type           Power      Damage    Failure   Level
 Freeze                   Ice            0%         1d3       100%        1
 Necrotise                Necr           0%         1d4       100%        1
 Scorch                   Fire           0%         2d5       100%        2
 Confusing Touch          Hex            0%         N/A       100%        3
 Frozen Ramparts          Ice            0%         1d2       100%        3
 Ignite Poison            Fire/Tmut/Pois 0%         N/A       100%        3
 Mephitic Cloud           Conj/Pois/Air  0%         N/A       100%        3
 Vampiric Draining        Necr           0%         2d6       100%        3
 Hailstorm                Conj/Ice       0%         3d3       100%        4
 Agony                    Necr           0%         N/A       100%        5
 Freezing Cloud           Conj/Ice/Air   0%         6-21      100%        5
 Yara's Violent Unravell  Hex/Tmut       0%         3d3       100%        5
 Enfeeble                 Hex            0%         N/A       100%        7


Dungeon Overview and Level Annotations

Branches:
Dungeon (10/15)            Temple (0/1) D:7            Lair (1/6) D:8
    Orc: D:9-12

Annotations:
D:8 1 runed translucent door, Gus979's ghost, novice DrIE
D:9 2 transporters, buhh's ghost, novice FeTm
Lair:1 Nergalle


Innate Abilities, Weirdness & Mutations

You have an increased reservoir of magic. (+10% MP)
You shall have no god before yourself.
Your divine heritage dramatically boosts your attributes as you level up.


Message History

The cane toad attacks as you move away! The cane toad stings you!
The spectral orc warrior hits you but does no damage.
The cane toad attacks as you move away! You block the cane toad's attack.
The spectral orc warrior hits you but does no damage.
The cane toad stings you.
You are poisoned.
The cane toad poisons you!
You feel very sick.
You feel sick.
The spectral orc warrior attacks as you move away!
You block the spectral orc warrior's attack.
You feel sick. The cane toad attacks as you move away!
You block the cane toad's attack.
You feel sick.
You feel sick. You block the cane toad's attack.
The cane toad attacks as you move away! The cane toad completely misses you.
You feel sick.
You feel sick.
There is a staircase back to the Dungeon here.
You feel sick. You block the cane toad's attack.
You climb upwards.
Welcome back to the Dungeon!
Level annotation: 1 runed translucent door, Gus979's ghost, novice DrIE You feel sick.
You are no longer poisoned.
There is a staircase to the Lair here.
You hit the cane toad.
The cane toad shudders.
The cane toad is lightly wounded. x2
The cane toad stings you.
* * * LOW HITPOINT WARNING * * *
You are lethally poisoned!
The cane toad poisons you! The cane toad barely misses you.
You feel better. You block the cane toad's attack.
You sock the cane toad!
The cane toad shudders.
The cane toad is severely wounded. x2
The cane toad stings you!
* * * LOW HITPOINT WARNING * * *
You barely miss the cane toad.
The cane toad is severely wounded.
The cane toad stings you!!
You die...

######.# #.#####.#####.##.##.#
#......# #.#...........#.(W#.#
#.########.#.###.##.##.##+##.#
#.## #...........#.........#
#..# #.#######..###........##
##># #.# #.## ##....##..# #.#
#.# #..###).[.####.# #.# #.#
###...#.[..## #.# #.# #.#
#@#.##.##..# #.# #.# #.#
#.F.##.##..# #.# #.#
#.#######.##.##..# #.# #.#
#................# #.# #.#
#######.####[#..## #.# #.# #.#
#.#..# #.# #.# #.#
#.#..######.. ##.## #(#
#.#.........# #...##########.#
#.#.#####....


You could see a cane toad.

Vanquished Creatures
  A hydra (D:10)
  A two-headed ogre (D:9)
  Pikel (D:3)
  2 cane toads (Lair:1)
  Psyche (D:8)
  Maggie (D:8)
  2 kobold demonologists (D:9)
  4 trolls
  A hornet (D:8)
  Grinder (D:4)
  Prince Ribbit (D:8)
  Sigmund (D:5)
  2 wyverns
  A wraith (D:7)
  A basilisk (Lair:1)
  3 steam dragons
  Menkaure (D:4)
  2 ice beasts
  4 sky beasts
  2 black bears
  3 orc warriors
  3 ogres (D:6)
  2 centaurs
  2 phantoms
  A lemure (D:3)
  A kobold brigand (D:7)
  4 bullfrogs
  Blork the orc (D:6)
  A gnoll sergeant (D:9)
  A scorpion (D:6)
  A necrophage (D:7)
  5 wights (D:7)
  8 killer bees
  5 howler monkeys
  4 hounds
  7 orc priests
  A gnoll bouda (D:4)
  4 jellies
  An iguana (D:6)
  12 orc wizards
  11 gnolls
  12 adders
  2 shadow imps
  A white imp (D:6)
  2 worms
  44 orcs
  5 ball pythons
  6 endoplasms
  2 giant cockroaches
  8 goblins
  6 hobgoblins
  6 jackals (D:4)
  A quokka (D:3)
  4 bats
  4 frilled lizards
  9 kobolds
  8 rats
231 creatures vanquished.

Vanquished Creatures (others)
  An orc priest (D:9)
1 creature vanquished.

Grand Total: 232 creatures vanquished

Notes
Turn   | Place    | Note
-------+----------+-------------------------------------------
     0 | D:1      | indigestion the Demigod Fighter began the quest for the
                  | Orb.
     0 | D:1      | Reached XP level 1. HP: 18/18 MP: 3/3
   746 | D:1      | Reached XP level 2. HP: 25/25 MP: 4/4
  1318 | D:2      | Reached XP level 3. HP: 28/31 MP: 5/5
  2247 | D:3      | Reached XP level 4. HP: 21/38 MP: 6/6
  2986 | D:4      | Noticed Pikel
  2986 | D:4      | Noticed a lemure
  2986 | D:4      | Noticed a lemure
  2986 | D:4      | Noticed a lemure
  2986 | D:4      | Noticed a lemure
  2999 | D:3      | Killed a lemure
  3007 | D:3      | Killed Pikel
  3008 | D:3      | Reached XP level 5. HP: 8/47 MP: 7/7
  3008 | D:3      | Reached XP level 6. HP: 9/53 MP: 8/8
  3323 | D:4      | Reached XP level 7. HP: 57/60 MP: 9/9
  3332 | D:4      | Noticed Menkaure
  3701 | D:4      | You fall into a shaft and drop 3 floors!
  3703 | D:7      | Found a staircase to the Ecumenical Temple.
  3784 | D:7      | Noticed a wraith
  3834 | D:8      | Reached skill level 1 in Dodging
  3864 | D:8      | Noticed Prince Ribbit
  3865 | D:8      | Noticed Psyche
  3911 | D:7      | Killed a wraith
  4323 | D:7      | Noticed a steam dragon
  4372 | D:6      | Reached skill level 5 in Fighting
  4493 | D:5      | Entered Level 5 of the Dungeon
  4493 | D:5      | Noticed Sigmund
  4522 | D:3      | Reached XP level 8. HP: 34/68 MP: 10/10
  4981 | D:4      | Reached skill level 5 in Axes
  5032 | D:4      | Noticed Grinder
  5447 | D:4      | Killed Menkaure
  5648 | D:4      | Paralysed by Grinder for 4 turns
  5676 | D:4      | Killed Grinder
  6062 | D:5      | Reached skill level 5 in Dodging
  6159 | D:5      | Reached skill level 5 in Armour
  6416 | D:5      | Reached skill level 5 in Shields
  6427 | D:5      | Killed Sigmund
  6432 | D:5      | Reached XP level 9. HP: 51/75 MP: 11/11
  7036 | D:6      | Found the +6 shillelagh "Devastator" {shatter}
  7050 | D:6      | Noticed Blork the orc
  7065 | D:6      | Killed Blork the orc
  7437 | D:6      | Reached skill level 1 in Maces & Flails
  8234 | D:7      | Got Sif Muna's Atlas of Pyromania
  8933 | D:8      | Reached XP level 10. HP: 84/84 MP: 13/13
  8944 | D:8      | Found a runed translucent door.
  8944 | D:8      | Noticed Gus979's ghost (novice DrIE)
  8944 | D:8      | Noticed a +1 scimitar of chaos
  8952 | D:8      | Noticed Maggie
  8971 | D:8      | Killed Maggie
  8996 | D:8      | Paralysed by a hornet for 3 turns
  9013 | D:8      | HP: 4/86 [poisoned by a hornet]
  9019 | D:8      | Killed Psyche
  9332 | D:8      | Killed Prince Ribbit
  9685 | D:8      | Found a staircase to the Lair.
 10290 | D:9      | Found a transporter.
 10293 | D:9      | Noticed a moth of wrath
 10294 | D:9      | Noticed buhh's ghost (novice FeTm)
 10381 | D:9      | Noticed a two-headed ogre
 10407 | D:9      | Killed a two-headed ogre
 10408 | D:9      | Reached skill level 5 in Maces & Flails
 10727 | D:9      | Identified the +10 sling "Okecriah" {venom, Int-3 Dex+8}
 10752 | D:9      | Noticed a five-headed hydra
 10764 | D:9      | Found a transporter.
 11742 | D:10     | Entered Level 10 of the Dungeon
 11930 | D:10     | Noticed a seven-headed hydra
 11937 | D:10     | Killed a seven-headed hydra
 11938 | D:10     | Reached XP level 11. HP: 30/94 MP: 14/14
 12279 | Lair:1   | Entered Level 1 of the Lair of Beasts
 12450 | Lair:1   | Identified the +5 great sword of the Hammering Whale {holy,
                  | Int+4 SInv}
 12706 | Lair:1   | Noticed a seven-headed hydra
 12719 | Lair:1   | Noticed Nergalle
 12762 | D:8      | Slain by a cane toad

Illustrated notes

Levels and vault maps discovered:
D:1:      sevenhm_arrival_forest_fort_small_4, layout_rooms, serial_rivers,
          chequers_serial_rivers_room_a, chequers_serial_rivers_small_3,
          chequers_serial_rivers_small_b, chequers_serial_rivers_micro_a,
          supply_closet_lemuel, nicolae_kite_square_tiling_tiny
D:2:      layout_loops_ring, basic_altar
D:3:      layout_basic
D:4:      layout_basic, uniq_menkaure, uniq_pikel, uniq_grinder
D:5:      layout_basic, uniq_sigmund
D:6:      layout_rooms, dilly_guarded_unrand_devastator, uniq_blork_the_orc
D:7:      layout_layer_cave, nzn_overflow_gifts_of_might_and_magic,
          minmay_temple_entry_glass
D:8:      layout_loops_ring, lair_entry_dummy, ebering_ghost_xom,
          uniq_prince_ribbit1, uniq_psyche, uniq_maggie
D:9:      minmay_goldmine, layout_long_grid, gammafunk_ghost_berserking_beasts,
          minmay_misc_feat_plants
D:10:     layout_roguey, kennysheep_opposing_triangles
Lair:1:   layout_regular_city, serial_bayou_pond_d, st_stairs_4,
          nicolae_lair_lindhole, grunt_megastairs_5, uniq_nergalle

Skill      XL: |  1  2  3  4  5  6  7  8  9 10 |
---------------+-------------------------------+-----
Axes           | 2 3 4 5 6 |  6.0
Fighting       | 3 4 5 6 7 |  7.9
Armour         | 3 4 5 6 7 |  7.1
Shields        | 3 4 5 6 7 |  7.2
Dodging        | 3 5 6 7 |  7.0
Maces & Flails | 3 6 |  6.5

Action                   |  1- 3 |  4- 6 |  7- 9 | 10-12 || total
-------------------------+-------+-------+-------+-------++-------
Melee: War axe           |    17 |       |       |       ||    17
       Hand axe          |   106 |    70 |   347 |       ||   523
       Shillelagh        |       |       |   105 |   129 ||   234
  Use: Potion            |       |     1 |     8 |     6 ||    15
       Scroll            |       |       |     5 |     1 ||     6
 Stab: Invisible         |       |       |     2 |       ||     2
Armor: Scale mail        |    56 |    32 |   193 |    23 ||   304
       Plate armour      |       |       |       |    65 ||    65
Dodge: Dodged            |    38 |    31 |   222 |    90 ||   381
       Repelled          |       |       |       |     1 ||     1
Block: Buckler           |    25 |    18 |   120 |    50 ||   213
       Tower shield      |       |       |       |    36 ||    36

Table legend: (Time is in decaauts)
 A = Elapsed time spent in this place.
 B = Non-inter-level travel time spent in this place.
 C = Inter-level travel time spent in this place.
 D = Time resting spent in this place.
 E = Time spent auto-exploring this place.
 F = Levels seen in this place.
 G = Mean time per level.
                   A        B        C        D        E       F      G
               +--------+--------+--------+--------+--------+-----+--------+
         Total |  12888 |  12488 |    400 |   4562 |   5593 |  11 | 1171.6 |
       Dungeon |  12411 |  12011 |    400 |   4462 |   5366 |  10 | 1241.1 |
          Lair |    477 |    477 |      0 |    100 |    227 |   1 |  477.0 |
               +--------+--------+--------+--------+--------+-----+--------+

Top non-repeatable levels by time:
     D:7: 1949 daAuts
     D:3: 1902 daAuts
     D:9: 1541 daAuts
     D:4: 1317 daAuts
     D:5: 1222 daAuts
     D:8: 1134 daAuts
     D:2: 1125 daAuts
     D:1: 881 daAuts
     D:6: 862 daAuts
  Lair:1: 477 daAuts
    D:10: 474 daAuts
